 Dungeon Crawl Stone Soup version 0.28.0-53-g5a82cb258f (webtiles) character file.

Game seed: 366874963304680342

25 Duralumin the Shield-Bearer (level 3, -7/29 HPs)
             Began as a Formicid Fighter on Aug 21, 2022.
             Mangled by Terence
             ... wielding a +0 hand axe of electrocution
              (10 damage)
             ... on level 2 of the Dungeon.
             The game lasted 00:02:08 (764 turns).

Duralumin the Shield-Bearer (Formicid Fighter)       Turns: 764, Time: 00:02:12

Health: -7/29      AC:  6    Str: 21 (22) XL:     3   Next: 17%
Magic:  3/3        EV:  9    Int:  6 (7)  God:
Gold:   12         SH:  4    Dex:  8 (10) Spells: 2/2 levels left

rFire   . . .      SeeInvis +   a - +0 war axe
rCold   . . .      Faith    .   c - +0 buckler
rNeg    . . .      Spirit   .   b - +0 scale mail
rPois   .          Reflect  .   (helmet unavailable)
rElec   .          Harm     .   (no cloak)
rCorr   .          Rampage  .   (no gloves)
Will    .....                   (no boots)
Stlth   ..........              (no amulet)
HPRegen 0.09/turn               (no ring)
MPRegen 0.08/turn               (no ring)

@: mighty, attractive
A: permanent stasis, dig shafts and tunnels, antennae 3, four strong arms
a: Dig, Shaft Self


You were on level 2 of the Dungeon.
You visited 1 branch of the dungeon, and saw 2 of its levels.

You collected 12 gold pieces.

Inventory:

Hand Weapons
 a - a +0 war axe (weapon)
Armour
 b - a +0 scale mail (worn)
 c - a +0 buckler (worn)
Scrolls
 e - 2 scrolls of identify {unknown}
 g - a scroll of fear {unknown}
 k - a scroll of teleportation {unknown}
Potions
 i - a potion of brilliance {unknown}


   Skills:
 - Level 3.2 Fighting
 + Level 3.4 Axes
 - Level 3.2 Armour
 - Level 3.6 Shields


You had 2 spell levels left.
You didn't know any spells.
Your spell library was empty.

Dungeon Overview and Level Annotations

Branches:
Dungeon (2/15)

Altars:

Annotations:
D:2 Natasha, Terence


Innate Abilities, Weirdness & Mutations

You cannot be hasted, slowed, berserked, paralysed or teleported.
You can dig through walls and to a lower floor.
You have a pair of large antennae on your head. (SInv)
Your four strong arms can wield two-handed weapons with a shield.


Message History

You miss the crimson imp. The crimson imp closely misses you.
You slash the crimson imp!
The crimson imp is almost dead.
The crimson imp closely misses you.
The crimson imp blinks!
A quokka comes into view.
Natasha completely misses you.
Terence hits you with a +0 hand axe of electrocution.
You hit Natasha.
Natasha is moderately wounded.
You hit Terence but do no damage. Natasha claws you. Terence barely misses you.
The crimson imp blinks!
Natasha completely misses you.
You see here a +0 dagger.
You feel very mighty all of a sudden.
Terence hits you with a +0 hand axe of electrocution.
You are electrocuted!!
Ouch! That really hurt!
* * * LOW HITPOINT WARNING * * *
Okay, then.
Okay, then.
Terence says, "Don't bother to defend, it's pointless."
Terence screams, "I'm going to kill you!"
Terence shouts, "Get ready for death!"
Terence says, "Time to say good-bye..."
Terence shouts, "Now you die!"
Terence says, "Time to say good-bye..."
You see here a +0 club.
It was a potion of attraction.
You feel attractive to monsters.
Terence hits you with a +0 hand axe of electrocution.
* * * LOW HITPOINT WARNING * * *
It was a potion of haste.
Your stasis prevents you from being hasted.
Terence closely misses you.
It was a potion of degeneration.
There was something very wrong with that liquid.
You feel weakened.
You feel dopey.
You feel clumsy.
Terence hits you with a +0 hand axe of electrocution.
* * * LOW HITPOINT WARNING * * *
You are electrocuted!
You die...

#. #.# #.##########
#..........# ##
..####.....r....#
..###.........h@@<..#
.....###...#..######
###.........).##
..##.###....###
...#..#..#...#
.<.#....##.#.###
..†#...........#
.#.#....##.#...#
.......###.#..##


You could see Terence, Natasha and a quokka.

Vanquished Creatures
  An adder (D:2)
  A dart slug (D:2)
  2 endoplasms
  3 goblins
  3 ball pythons
  4 frilled lizards
  A kobold (D:1)
15 creatures vanquished.

Notes
Turn   | Place    | Note
-------+----------+-------------------------------------------
     0 | D:1      | Duralumin the Formicid Fighter began the quest for the Orb.
     0 | D:1      | Reached XP level 1. HP: 18/18 MP: 1/1
   491 | D:1      | Reached XP level 2. HP: 23/24 MP: 2/2
   624 | D:2      | Reached XP level 3. HP: 29/29 MP: 3/3
   642 | D:2      | Found a faded altar of an unknown god.
   719 | D:2      | Noticed Natasha
   721 | D:2      | Noticed Terence
   764 | D:2      | Mangled by Terence

Illustrated notes

Levels and vault maps discovered:
D:1:      mushboom_english_gardens, layout_basic
D:2:      layout_rooms, nicolae_ecumenical_pavilion, minmay_misc_feat_doors,
          uniq_terence, uniq_sigmund, uniq_jessica, uniq_crazy_yiuf_cottage,
          uniq_natasha

Skill      XL: |  1  2 |
---------------+-------+-----
Axes           | 3 |  3.4
Fighting       | |  3.2
Armour         | |  3.2
Shields        | |  3.6

Action                   || total
-------------------------++-------
Melee: War axe           ||    35
  Use: Potion            ||     4
Armor: Scale mail        ||    11
Dodge: Dodged            ||    18
Block: Buckler           ||     5
